 Dungeon Crawl Stone Soup version 0.27-a0-1281-ge233d83751 (webtiles) character file.

Game seed: 1797954271126216885

77 Delamore the Skirmisher (level 4, 0/37 HPs)
             Began as a Formicid Fighter on June 14, 2021.
             Was a Believer of Sif Muna.
             Killed from afar by Sigmund (5 damage)
             ... with a puff of flame
             ... on level 2 of the Dungeon.
             The game lasted 00:01:42 (1910 turns).

Delamore the Skirmisher (Formicid Fighter)          Turns: 1910, Time: 00:01:43

Health: 0/37       AC:  6    Str: 22    XL:     4   Next: 60%
Magic:  4/4        EV:  8    Int:  7    God:    Sif Muna [**....]
Gold:   36         SH:  0    Dex: 10    Spells: 3/3 levels left

rFire    . . .     SeeInvis +   a - +0 war axe
rCold    . . .     Faith    .   c - +0 kite shield
rNeg     . . .     Spirit   .   b - +0 scale mail
rPois    .         Reflect  .   (helmet unavailable)
rElec    .         Harm     .   (no cloak)
rCorr    .         Rampage  .   (no gloves)
Will     .....                  (no boots)
Stlth    ..........             (no amulet)
HPRegen  0.12/turn              (no ring)
MPRegen  0.09/turn              (no ring)

@: confused
A: permanent stasis, dig shafts and tunnels, antennae 3, four strong arms
a: Dig, Shaft Self, Renounce Religion, Channel Magic


You were on level 2 of the Dungeon.
You worshipped Sif Muna.
Sif Muna was pleased with you.
You visited 1 branch of the dungeon, and saw 2 of its levels.

You collected 36 gold pieces.

Inventory:

Hand Weapons
 a - a +0 war axe (weapon)
Armour
 b - a +0 scale mail (worn)
 c - a +0 kite shield (worn)
Potions
 d - a potion of might
 g - a potion of degeneration {unknown}


   Skills:
 + Level 4.1 Fighting
 * Level 3.8 Axes
 - Level 3.2 Armour
 - Level 3.6 Shields


You had 3 spell levels left.
You didn't know any spells.
Your spell library was empty.

Dungeon Overview and Level Annotations

Branches:
Dungeon (2/15)

Altars:
Sif Muna

Annotations:
D:2 Sigmund


Innate Abilities, Weirdness & Mutations

You cannot be hasted, slowed, berserked, paralysed or teleported.
You can dig through walls and to a lower floor.
You have a pair of large antennae on your head. (SInv)
Your four strong arms can wield two-handed weapons with a shield.


Message History

Sigmund is lightly wounded.
You block Sigmund's attack. Sigmund barely misses you.
You closely miss Sigmund.
Sigmund is lightly wounded.
Sigmund barely misses you.
You hit Sigmund.
Sigmund is moderately wounded.
You block Sigmund's attack.
Sigmund points at you and mumbles some strange words.
You are confused.
You are too confused!
You are too confused!
You are too confused!
You are too confused!
You barely miss Sigmund.
Sigmund is moderately wounded.
Sigmund barely misses you.
Sigmund hits you from afar with a +0 scythe.
Sigmund barely misses you.
You're too confused to move!
Sigmund gestures wildly while chanting.
Sigmund flickers and vanishes for a moment.
Sigmund casts a spell at you. The puff of flame hits you!
You feel less confused.
Sigmund points at you and mumbles some strange words.
The magic dart hits you but does no damage.
You hit Sigmund.
Sigmund is heavily wounded.
Sigmund hits you with a +0 scythe! Sigmund hits you with a +0 scythe.
* * * LOW HITPOINT WARNING * * *
You slash Sigmund!
Sigmund is almost dead.
Sigmund hits you with a +0 scythe.
* * * LOW HITPOINT WARNING * * *
Sigmund casts a spell at you.
You are confused.
Sigmund gestures at you while chanting. The puff of flame hits you.
You die...

###################
..................#
#####.###@#######.#
###@###.#######.#### ###
#.....#.#........)..
#...##.....#..........)#.
#.......@......#####.#.#.
#...##.....##### #@#.#.
#.# #.....# #.#.#.
..#####.### #.#.#.
........####### #..@.<
..#####...............##


You could see Sigmund (invisible).

Vanquished Creatures
  4 gnolls
  A dart slug (D:2)
  A ball python (D:1)
  A bat (D:1)
  An endoplasm (D:1)
  4 goblins
  4 hobgoblins (D:1)
  6 jackals (D:2)
  A quokka (D:1)
  2 frilled lizards
  6 kobolds
  5 rats
36 creatures vanquished.

Notes
Turn   | Place    | Note
-------+----------+-------------------------------------------
     0 | D:1      | Delamore the Formicid Fighter began the quest for the Orb.
     0 | D:1      | Reached XP level 1. HP: 18/18 MP: 1/1
   104 | D:1      | Reached XP level 2. HP: 19/24 MP: 2/2
   225 | D:1      | Reached XP level 3. HP: 22/30 MP: 3/3
   323 | D:1      | Found a faded altar of an unknown god.
   354 | D:1      | Became a worshipper of Sif Muna the Loreminder
   354 | D:1      | Reached * piety under Sif Muna
  1131 | D:2      | Noticed Sigmund
  1442 | D:1      | HP: 1/30 [gnoll (10)]
  1529 | D:1      | Reached XP level 4. HP: 12/37 MP: 4/4
  1531 | D:1      | Reached skill level 4 in Fighting
  1819 | D:2      | Reached ** piety under Sif Muna
  1910 | D:2      | Killed from afar by Sigmund

Illustrated notes

Levels and vault maps discovered:
D:1:      minmay_arrival_jagged, layout_basic,
          hellmonk_ecumenical_altar_heavens_door, minmay_misc_feat_chi
D:2:      layout_loops_ring, uniq_sigmund

Skill      XL: |  1  2  3  4 |
---------------+-------------+-----
Axes           | 3 |  3.8
Fighting       | 4 |  4.1
Armour         | |  3.2
Shields        | |  3.6

Action                   |  1- 3 |  4- 6 || total
-------------------------+-------+-------++-------
Melee: War axe           |    84 |    25 ||   109
 Abil: Dig               |     1 |       ||     1
  Use: Scroll            |     1 |       ||     1
       Potion            |     2 |       ||     2
Armor: Scale mail        |    45 |    10 ||    55
Dodge: Dodged            |    36 |    14 ||    50
Block: Kite shield       |    59 |    22 ||    81

Table legend: (Time is in decaauts)
 A = Elapsed time spent in this place.
 B = Non-inter-level travel time spent in this place.
 C = Inter-level travel time spent in this place.
 D = Time resting spent in this place.
 E = Time spent auto-exploring this place.
 F = Levels seen in this place.
 G = Mean time per level.
                   A        B        C        D        E       F      G
               +--------+--------+--------+--------+--------+-----+--------+
         Total |   1971 |   1901 |     70 |    472 |   1050 |   2 |  985.5 |
       Dungeon |   1971 |   1901 |     70 |    472 |   1050 |   2 |  985.5 |
               +--------+--------+--------+--------+--------+-----+--------+

Top non-repeatable levels by time:
     D:1: 1693 daAuts
     D:2: 278 daAuts
